 Dungeon Crawl Stone Soup version 0.28.0 (webtiles) character file.

Game seed: 15626122326414903176

23605 theElss the Protected (level 13, -16/83 HPs)
             Began as a Gargoyle Berserker on Feb 17, 2022.
             Was an Elder of Trog.
             Killed from afar by an ironbound frostheart (26 damage)
             ... by creeping frost
             ... in an ice cave.
             The game lasted 00:45:10 (13618 turns).

theElss the Protected (Gargoyle Berserker)         Turns: 13618, Time: 00:45:10

Health: -16/83     AC: 25    Str: 23    XL:     13   Next: 7%
Magic:  13/13      EV: 11    Int:  9    God:    Trog [****..]
Gold:   673        SH:  0    Dex: 11    Spells: 12/12 levels left

rFire   . . .      SeeInvis .   v - +1 whip (drain)
rCold   + + .      Faith    .   (no shield)
rNeg    + . .      Spirit   .   E - +1 chain mail {rC+}
rPois   ∞          Reflect  .   (no helmet)
rElec   +          Harm     .   (no cloak)
rCorr   .          Rampage  .   (no gloves)
Will    .....                   t - +0 pair of boots
Stlth   ..........              z - amulet of regeneration
HPRegen 1.03/turn               o - ring of protection from cold
MPRegen 0.13/turn               (no ring)

@: frozen, very slow
A: sickness immunity, AC +9, negative energy resistance 1, electricity
resistance, torment resistance 1, petrification resistance
a: Renounce Religion, Berserk, Trog's Hand, Brothers in Arms


You were in an ice cave.
You worshipped Trog.
Trog was greatly pleased with you.
You visited 1 branch of the dungeon, and saw 12 of its levels.
You also visited: Sewer and Ice Cave.

You collected 673 gold pieces.

Inventory:

Hand Weapons
 q - a +1 dire flail
 v - a +1 whip of draining (weapon)
Missiles
 F - 2 throwing nets (quivered)
Armour
 t - a +0 pair of boots (worn)
 E - a +1 chain mail of cold resistance (worn)
 G - the +18 Lear's hauberk
   (You took it off an orc on level 9 of the Dungeon)
Jewellery
 o - a ring of protection from cold (left hand)
 z - an amulet of regeneration (around neck)
 D - a +6 ring of intelligence
 K - a ring of flight
 M - a ring of magical power
Wands
 a - a wand of digging (3)
 w - a wand of polymorph (11)
 A - a wand of acid (14)
 B - a wand of paralysis (18)
 C - a wand of iceblast (15)
 P - a wand of flame (4)
Scrolls
 f - 2 scrolls of vulnerability
 g - 2 scrolls of holy word
 i - a scroll of enchant weapon
 j - 3 scrolls of noise
 k - 2 scrolls of magic mapping
 l - a scroll of enchant armour {unknown}
 p - a scroll of blinking
 s - 4 scrolls of teleportation
 u - 2 scrolls of fog {unknown}
 y - a scroll of acquirement {unknown}
 H - 3 scrolls of summoning
 I - a scroll of amnesia {unknown}
 O - a scroll of silence {unknown}
Potions
 b - 2 potions of might
 c - a potion of cancellation
 d - 3 potions of heal wounds
 e - 5 potions of curing
 h - 4 potions of haste
 m - 3 potions of resistance
 n - 4 potions of flight
 r - 3 potions of brilliance
 x - a potion of attraction
 J - a potion of degeneration {unknown}
 L - a potion of lignification {unknown}
 N - a potion of mutation {unknown}


   Skills:
 + Level 10.6 Fighting
 * Level 12.7 Maces & Flails
 * Level 13.5 Armour
 + Level 8.0 Dodging


You had 12 spell levels left.
You didn't know any spells.
Your spell library was empty.

Dungeon Overview and Level Annotations

Branches:
Dungeon (12/15)            Temple (0/1) D:5            Lair (0/6) D:10
    Orc (0/2) D:11          Sewer (visited)           IceCv (1/1)

Altars:
Ashenzari
Cheibriados
Dithmenos
Fedhas
Hepliaklqana
Okawaru
Uskayaw
Xom
Zin

Shops:
D:1 *

Annotations:
D:5 2 transporters, t4s4d4r's ghost, amateur VSDe
D:7 3 runed translucent doors, dragonscale333's ghost, novice FeSu
D:10 3 runed translucent doors, Nebukadnezar's ghost, journeyman DDAM


Innate Abilities, Weirdness & Mutations

You are immune to sickness and miasma.
Your stone body is resilient. (AC +9)
You are immune to poison.
You resist negative energy. (rN+)
You are resistant to electric shocks. (rElec)
You are resistant to unholy torment.
You are immune to petrification.


Message History

Your Dodging skill increases to level 8!
The polar bear bites your ogre! The polar bear claws your ogre. x2
Your ogre barely misses the polar bear.
Your ogre completely misses the polar bear.
The polar bear bites your ogre! The polar bear claws your ogre.
The polar bear claws your ogre but does no damage.
Your ogre hits the polar bear with a +0 giant spiked club!!
The polar bear bites your ogre.
Your ogre dies!
Your ogre's corpse disappears in a puff of smoke!
You enter the shallow water.
Moving in this stuff is going to be slow.
Unknown command.
The yak snorts and paws the ground.
The ironbound frostheart calls freezing cold from the walls.
The frost grips you! You partially resist.
You are encased in ice.
The ironbound frostheart calls freezing cold from the walls.
The frost grips you!! You partially resist. The ice encasing you melts away.
The ironbound frostheart calls freezing cold from the walls.
The frost grips you!! You partially resist.
* * * LOW HITPOINT WARNING * * *
You are encased in ice.
The yak closely misses you.
You feel much better. The yak gores you!
* * * LOW HITPOINT WARNING * * *
Unknown command.
Unknown command.
The polar bear seems less drained.
The yak gores you but does no damage. The ice encasing you melts away.
The ironbound frostheart calls freezing cold from the walls.
The frost grips you! You partially resist.
* * * LOW HITPOINT WARNING * * *
You are encased in ice.
The yak gores you.
* * * LOW HITPOINT WARNING * * *
The ironbound frostheart calls freezing cold from the walls.
The frost grips you!! You partially resist.
You die...

## ### #..§§##.#..#
..##.## ...§§§#≈p..###
..#...##
#○.°○°°#≈#...#
#..#..##
##§☼☼#°≈≈#..[#
#..#...## ##○
#≈p##...# ###.###..###
# ##≈≈#####
..#..##....## #h≈##
....###.#...#####Y#≈≈#
(..## #.#.#.#.##@#####
.⌠.# .####....#≈# ...#
.. ##.#...# ...##.#
####.## ..##.. ###
.##..# ... #..# #.#


You could see 2 ironbound frosthearts, a polar bear and a yak.

Vanquished Creatures
  Harold (D:9)
  3 two-headed ogres
  3 death yaks (IceCv)
  Pikel (D:8)
  A deep elf pyromancer (D:12)
  A cyclops (D:11)
  2 ugly things
  3 slime creatures (D:12)
  An ice statue (IceCv)
  A komodo dragon (D:12)
  An unseen horror (D:12)
  2 kobold demonologists
  A rime drake (D:12)
  7 polar bears
  4 trolls
  Prince Ribbit (D:9)
  2 hornets
  29 yaks
  2 wraiths (D:11)
  A wyvern (D:8)
  5 steam dragons
  6 vampire mosquitoes
  3 water moccasins
  An acid dragon (D:10)
  Duvessa (D:4)
  An orc warrior (D:9)
  2 necrophages
  An ice beast (D:6)
  2 black bears
  4 ogres (D:6)
  12 wolves
  A centaur (D:8)
  2 lemures (D:7)
  8 kobold brigands
  3 bullfrogs (D:9)
  A gnoll sergeant (D:9)
  2 scorpions
  Dowan (D:4)
  3 water moccasin skeletons (D:6)
  3 killer bees (D:9)
  2 howler monkeys
  4 wights (D:10)
  7 centaur zombies
  A bullfrog zombie (D:5)
  4 jellies
  A centaur skeleton (D:7)
  A gnoll shaman (D:9)
  5 orc priests
  5 orc wizards
  3 iguanas
  A hound skeleton (D:4)
  A howler monkey zombie (D:5)
  6 adders
  An ufetubus (D:6)
  A worm (D:3)
  3 dart slugs
  24 orcs
  5 bats
  3 endoplasms
  3 giant cockroaches
  5 goblins
  8 hobgoblins
  10 jackals
  30 kobolds
  5 quokkas
  7 ball pythons
  4 frilled lizards
  10 rats
289 creatures vanquished.

Vanquished Creatures (collateral kills)
  A polar bear (IceCv)
1 creature vanquished.

Vanquished Creatures (others)
  A fungus (D:7)
  3 plants (D:7)
4 creatures vanquished.

Grand Total: 294 creatures vanquished

Notes
Turn   | Place    | Note
-------+----------+-------------------------------------------
     0 | D:1      | theElss the Gargoyle Berserker began the quest for the Orb.
     0 | D:1      | Reached XP level 1. HP: 14/14 MP: 1/1
   155 | D:1      | Found Tyoxegov's General Store.
   330 | D:1      | Reached XP level 2. HP: 19/19 MP: 2/2
   944 | D:2      | Noticed a scorpion
  1028 | D:2      | Killed a scorpion
  1029 | D:2      | Reached skill level 3 in Armour
  1029 | D:2      | Reached XP level 3. HP: 15/24 MP: 3/3
  1029 | D:2      | Reached XP level 4. HP: 18/29 MP: 4/4
  1515 | D:2      | Found a faded altar of an unknown god.
  1625 | D:3      | Reached XP level 5. HP: 26/33 MP: 5/5
  1977 | D:3      | Reached ** piety under Trog
  2243 | D:3      | Noticed an ice beast
  2478 | D:4      | Noticed Duvessa
  2480 | D:4      | Noticed Dowan
  2611 | D:4      | Reached XP level 6. HP: 39/39 MP: 6/6
  2880 | D:4      | Reached skill level 4 in Armour
  3352 | D:5      | Entered Level 5 of the Dungeon
  3361 | D:5      | Noticed a necrophage
  3369 | D:5      | Killed a necrophage
  3370 | D:5      | Reached skill level 5 in Fighting
  3370 | D:5      | Reached XP level 7. HP: 44/44 MP: 7/7
  3420 | D:5      | Found a glowing drain.
  3446 | Sewer    | Entered a sewer
  3844 | Sewer    | Reached *** piety under Trog
  3845 | Sewer    | Reached skill level 5 in Maces & Flails
  4136 | D:5      | Found a staircase to the Ecumenical Temple.
  4208 | D:5      | Found a transporter.
  4228 | D:5      | Found a transporter.
  4231 | D:5      | Noticed t4s4d4r's ghost (amateur VSDe)
  4246 | D:5      | Reached skill level 5 in Armour
  4472 | D:5      | Found a shimmering altar of Xom.
  4829 | D:6      | Reached XP level 8. HP: 49/51 MP: 8/8
  5240 | D:6      | Found a snail-covered altar of Cheibriados.
  5302 | D:6      | Noticed a yak
  5302 | D:6      | Noticed a yak
  5302 | D:6      | Noticed a yak
  5390 | D:6      | Found a glowing silver altar of Zin.
  5391 | D:6      | Found a hazy altar of Hepliaklqana.
  5409 | D:6      | Reached skill level 6 in Armour
  5415 | D:6      | Found a broken altar of Ashenzari.
  5763 | D:6      | Reached XP level 9. HP: 54/56 MP: 9/9
  6057 | D:7      | Reached skill level 7 in Armour
  6201 | D:7      | Noticed a red ugly thing
  6219 | D:7      | Killed a red ugly thing
  6746 | D:7      | Reached skill level 5 in Dodging
  6924 | D:7      | Found a runed translucent gate.
  6924 | D:7      | Found a runed translucent gate.
  6924 | D:7      | Found a runed translucent gate.
  6925 | D:7      | Noticed dragonscale333's ghost (novice FeSu)
  7289 | D:8      | Noticed a hornet
  7297 | D:8      | Killed a hornet
  7298 | D:8      | Reached skill level 8 in Armour
  7430 | D:8      | Noticed Pikel
  7503 | D:8      | Killed Pikel
  7504 | D:8      | Reached XP level 10. HP: 63/63 MP: 10/10
  7511 | D:8      | Noticed a two-headed ogre
  7712 | D:7      | Reached skill level 9 in Armour
  7824 | D:8      | Killed a two-headed ogre
  7990 | D:8      | Found an iron altar of Okawaru.
  9302 | D:4      | Killed Duvessa
  9303 | D:4      | Reached skill level 10 in Armour
  9310 | D:4      | Killed Dowan
  9737 | D:9      | Reached XP level 11. HP: 69/69 MP: 11/11
  9879 | D:9      | Noticed Prince Ribbit
  9892 | D:9      | Killed Prince Ribbit
  9912 | D:9      | Noticed a two-headed ogre
  9918 | D:9      | Reached skill level 10 in Maces & Flails
  9929 | D:9      | Killed a two-headed ogre
  9947 | D:9      | Found a hide-covered altar of Uskayaw.
  9949 | D:9      | Found a blossoming altar of Fedhas.
  9950 | D:9      | Found a shadowy altar of Dithmenos.
  9984 | D:9      | Noticed Harold
 10020 | D:9      | Killed Harold
 10563 | D:10     | Entered Level 10 of the Dungeon
 10699 | D:10     | Reached skill level 11 in Armour
 10813 | D:10     | Found a runed translucent gate.
 10815 | D:10     | Found a runed translucent gate.
 10816 | D:10     | Noticed Nebukadnezar's ghost (journeyman DDAM)
 10817 | D:10     | Found a runed translucent gate.
 10817 | D:10     | Identified the +7 plate armour "Nasami Ozos" {rCorr Str-3
                  | Int+6}
 10840 | D:10     | Reached **** piety under Trog
 11057 | D:10     | Found a staircase to the Lair.
 11259 | D:11     | Found a staircase to the Orcish Mines.
 11580 | D:11     | Noticed a cyclops
 11591 | D:11     | Killed a cyclops
 11761 | D:11     | Reached XP level 12. HP: 76/76 MP: 12/12
 11938 | D:11     | Noticed a two-headed ogre
 11953 | D:11     | Killed a two-headed ogre
 11954 | D:11     | Reached skill level 12 in Armour
 12069 | D:11     | Noticed a soul eater
 12103 | D:11     | Noticed a sun demon
 12781 | D:12     | Reached skill level 10 in Fighting
 12893 | D:12     | Found a frozen archway.
 13002 | IceCv    | Entered an ice cave
 13070 | IceCv    | Noticed a death yak
 13071 | IceCv    | Noticed a death yak
 13071 | IceCv    | Noticed a death yak
 13106 | IceCv    | Killed a death yak
 13107 | IceCv    | Reached skill level 13 in Armour
 13124 | IceCv    | Killed a death yak
 13136 | IceCv    | Killed a death yak
 13392 | IceCv    | Reached XP level 13. HP: 83/83 MP: 13/13
 13618 | IceCv    | Killed from afar by an ironbound frostheart

Illustrated notes

Levels and vault maps discovered:
D:1:      giann_bridges, layout_basic, serial_shops, shop
D:2:      layout_rooms, hellmonk_ecumenical_altar_crossroads
D:3:      layout_basic, lightli_corner_chamber
D:4:      layout_loops_corners, chequers_mini_garden, uniq_duvessa
D:5:      layout_gridville, mainiacjoe_overflow_small_starburst,
          minmay_temple_entry_trees, portal_sewer_entry_f,
          gammafunk_ghost_mausoleum
D:6:      layout_basic, cheibriados_altar_1,
          chequers_temple_overflow_statue_of_worship
D:7:      layout_loops_corners, gammafunk_ghost_nasty_kobolds
D:8:      layout_layer_cave, okawaru_ov_weapons_minmay, abandoned_shop,
          eino_tiny_chamber, uniq_pikel
D:9:      layout_irregular_city, grunt_temple_overflow_open,
          kennysheep_generic_room_6, uniq_prince_ribbit1, uniq_harold
D:10:     layout_loops_ring, lair_entry_dummy, biasface_ghost_orc_armoury
D:11:     layout_roguey, orc_0_dummy, nrook_mini_vaults, minmay_statues_item
D:12:     layout_loops_corners, portal_ice_cave_entry_animals_and_master,
          gauntlet_entry_generic
IceCv:    ice_cave_caverns_03

Skill      XL: |  1  2  3  4  5  6  7  8  9 10 11 12 13 |
---------------+----------------------------------------+-----
Armour         | 3 4 5 6 8 10 11 13 | 13.5
Dodging        | 2 3 4 5 6 7 8 |  8.0
Fighting       | 4 5 6 7 8 9 10 | 10.6
Maces & Flails | 4 5 6 8 9 11 12 | 12.7

Action                   |  1- 3 |  4- 6 |  7- 9 | 10-12 | 13-15 || total
-------------------------+-------+-------+-------+-------+-------++-------
Melee: Mace              |    47 |    73 |       |       |       ||   120
       Flail             |       |   111 |     4 |       |       ||   115
       Punch             |       |     1 |       |    31 |     2 ||    34
       Dire flail        |       |       |   275 |       |       ||   275
       Whip              |       |       |    83 |  1361 |   100 ||  1544
Invok: Berserk           |     2 |     4 |    10 |    14 |     1 ||    31
       Trog's Hand       |       |       |       |     1 |     1 ||     2
       Brothers in Arms  |       |       |       |       |     1 ||     1
  Use: Scroll            |       |       |     7 |     8 |     2 ||    17
       Potion            |       |       |       |       |     1 ||     1
Armor: Animal skin       |    17 |     1 |       |       |       ||    18
       Chain mail        |       |   115 |   299 |   669 |    50 ||  1133
Dodge: Dodged            |    49 |    86 |   189 |   465 |    39 ||   828
